 Dungeon Crawl Stone Soup version 0.29-a0-275-g389c0b56f3 (webtiles) character file.

Game seed: 4768295191039048222

2258 sammy202020 the Covered (level 9, -2/85 HPs)
             Began as a Gargoyle Fighter on Mar 9, 2022.
             Slain by a gnoll
             ... wielding a +0 halberd
              (4 damage)
             ... on level 6 of the Dungeon.
             The game lasted 00:09:10 (4846 turns).

sammy202020 the Covered (Gargoyle Fighter)          Turns: 4846, Time: 00:09:10

Health: -2/85      AC: 24    Str: 26    XL:     9   Next: 38%
Magic:  9/9        EV:  2    Int: 11    God:
Gold:   242        SH:  6    Dex: 11    Spells: 8/8 levels left

rFire   . . .      SeeInvis .   l - +11 flail of Gadaciec {venom, rC+}
rCold   + . .      Faith    .   c - +1 buckler
rNeg    + . .      Spirit   .   (body armour currently unavailable)
rPois   ∞          Reflect  .   (helmet currently unavailable)
rElec   .          Harm     .   (cloak currently unavailable)
rCorr   .          Rampage  .   (gloves currently unavailable)
Will    .....      NoTele   +   (boots currently unavailable)
Stlth   +.........              (no amulet)
HPRegen 0.24/turn               r - +6 ring of strength
MPRegen 0.11/turn               (no ring)

@: tree-form
A: stationary, stasis, torment immunity, boosted hp, sickness immunity, AC +6,
negative energy resistance 1, (electricity resistance), torment resistance 1,
petrification resistance
a: no special abilities


You were on level 6 of the Dungeon.
You were a tree.
You visited 1 branch of the dungeon, and saw 6 of its levels.

You collected 242 gold pieces.

Inventory:

Hand Weapons
 l - the +11 flail of Gadaciec (weapon) {venom, rC+}
   (You found it on level 2 of the Dungeon)

   It poisons the flesh of those it strikes.
   rC:        It protects you from cold.
Armour
 c - a +1 buckler (worn)
 m - a +2 ring mail of fire resistance (melded)
 o - a +0 chain mail
Jewellery
 r - a +6 ring of strength (left branch)
Wands
 a - a wand of flame (12)
Scrolls
 d - a scroll of fear
 n - 2 scrolls of teleportation
 p - a scroll of identify
Potions
 b - a potion of magic {unknown}
 e - a potion of lignification
 f - a potion of mutation
 g - a potion of flight {unknown}
 h - 3 potions of curing
 i - 3 potions of ambrosia {unknown}
 j - 3 potions of brilliance {unknown}
 k - a potion of heal wounds {unknown}
 q - 2 potions of degeneration {unknown}


   Skills:
 * Level 7.1 Fighting
 * Level 6.1 Maces & Flails
 * Level 7.1 Armour
 + Level 3.0 Dodging
 * Level 7.1 Shields


You had 8 spell levels left.
You didn't know any spells.
Your spell library contained the following spells:

 Spells                   Type           Power      Damage    Failure   Level
 Animate Skeleton         Necr           0%         N/A       41%         1
 Apportation              Tloc           0%         N/A       41%         1
 Shock                    Conj/Air       0%         1d3       41%         1
 Slow                     Hex            0%         N/A       41%         1
 Summon Small Mammal      Summ           0%         N/A       41%         1
 Corpse Rot               Necr/Air       0%         N/A       54%         2
 Ensorcelled Hibernation  Hex/Ice        0%         N/A       54%         2
 Passwall                 Tmut/Erth      0%         N/A       54%         2
 Poisonous Vapours        Pois/Air       0%         N/A       54%         2
 Confusing Touch          Hex            0%         N/A       78%         3
 Ozocubu's Armour         Ice            0%         N/A       78%         3
 Swiftness                Air            0%         N/A       78%         3
 Tukima's Dance           Hex            0%         N/A       78%         3
 Vampiric Draining        Necr           0%         2d6       78%         3
 Airstrike                Air            0%         N/A       99%         4
 Anguish                  Hex/Necr       0%         N/A       99%         4
 Metabolic Englaciation   Hex/Ice        0%         N/A       100%        5
 Simulacrum               Ice/Necr       0%         N/A       100%        6
 Enfeeble                 Hex            0%         N/A       100%        7


Dungeon Overview and Level Annotations

Branches:
Dungeon (6/15)
 Temple: D:4-7

Altars:
Fedhas
Kikubaaqudgha


Innate Abilities, Weirdness & Mutations

You are a tree.
Your roots penetrate the ground, keeping you stationary.
You cannot be teleported.
You are immune to unholy pain and torment.
Your maximum health is greatly increased.
Your equipment is partially melded.
You are immune to sickness and miasma.
((Your stone body is resilient. (AC +6)))
You are immune to poison.
You resist negative energy. (rN+)
((You are resistant to electric shocks. (rElec)))
You are resistant to unholy torment.
You are immune to petrification.


Message History

The gnoll hits you from afar with a +0 spear!
* * * LOW HITPOINT WARNING * * *
The gnoll hits you but does no damage. The gnoll barely misses you.
Sorry, you're not good enough to have a special ability.
Unknown command.
Sorry, you're not good enough to have a special ability.
Unknown command.
Sorry, you're not good enough to have a special ability.
Really quaff the potion of lignification?
You turn into a tree.
Your +2 ring mail of fire resistance melds into your body.
You feel less resistant to fire.
Your roots penetrate the ground.
The bullfrog hits you but does no damage. x2
The gnoll hits you but does no damage. x2
The gnoll hits you from afar with a +0 halberd.
* * * LOW HITPOINT WARNING * * *
The bullfrog hits you but does no damage. x2
You closely miss the bullfrog.
The bullfrog is almost dead.
The gnoll looks more healthy.
The bullfrog hits you but does no damage. x2
You block the gnoll's attack. x2; The gnoll hits you but does no damage.
You bludgeon the bullfrog!!
You kill the bullfrog!
The bullfrog hits you but does no damage.
The gnoll hits you but does no damage. You block the gnoll's attack.
The gnoll hits you but does no damage.
The bullfrog hits you but does no damage.
You bludgeon the bullfrog!!
The bullfrog is poisoned.
The bullfrog is severely wounded.
The bullfrog hits you but does no damage.
You block the gnoll's attack. The gnoll barely misses you.
The gnoll hits you but does no damage.
The bullfrog hits you but does no damage.
You barely miss the bullfrog.
The bullfrog is almost dead.
You kill the bullfrog!
You block the gnoll's attack.
The gnoll hits you from afar with a +0 halberd.
You die...

#.#
##'##....####.
#...#.........
#...#.........
#...#.........
#...#.........
#...#.........
#..†#g........
##.♣)gg.......
####g........
+.........
#.........
..#+######
##.# ..# ###


You could see 4 gnolls.

Vanquished Creatures
  Pikel (D:5)
  Grinder (D:3)
  Sigmund (D:3)
  Menkaure (D:5)
  Edmund (D:5)
  A water moccasin (D:5)
  2 ogres (D:5)
  2 black bears (D:5)
  An orc warrior (D:5)
  A phantom (D:6)
  2 necrophages
  2 bullfrogs (D:6)
  A hound (D:5)
  2 orc priests (D:5)
  A gnoll shaman (D:6)
  2 iguanas
  6 orc wizards
  3 adders
  2 adder zombies (D:2)
  2 dart slugs
  14 orcs
  3 bats
  A bat zombie (D:2)
  3 endoplasms
  6 giant cockroaches
  7 goblins
  6 hobgoblins
  17 jackals
  6 kobolds
  3 quokkas
  3 ball pythons (D:3)
  A ball python skeleton (D:2)
  4 frilled lizards
  A jackal zombie (D:2)
  A quokka zombie (D:2)
  8 rats
119 creatures vanquished.

Notes
Turn   | Place    | Note
-------+----------+-------------------------------------------
     0 | D:1      | sammy202020 the Gargoyle Fighter began the quest for the
                  | Orb.
     0 | D:1      | Reached XP level 1. HP: 14/14 MP: 1/1
   110 | D:1      | Reached XP level 2. HP: 19/19 MP: 2/2
   355 | D:1      | Reached XP level 3. HP: 23/23 MP: 3/3
  1090 | D:2      | Found a faded altar of an unknown god.
  1212 | D:2      | Noticed a necrophage
  1218 | D:2      | Reached XP level 4. HP: 29/29 MP: 4/4
  1223 | D:2      | Killed a necrophage
  1224 | D:2      | Reached XP level 5. HP: 30/33 MP: 5/5
  1375 | D:2      | Identified the +11 flail of Gadaciec {venom, rC+}
  1822 | D:3      | Reached skill level 1 in Dodging
  2022 | D:3      | Noticed Sigmund
  2029 | D:3      | Killed Sigmund
  2030 | D:3      | Reached XP level 6. HP: 36/39 MP: 6/6
  2360 | D:3      | Found a blossoming altar of Fedhas.
  2363 | D:3      | Found an ancient bone altar of Kikubaaqudgha.
  2377 | D:3      | Noticed Grinder
  2384 | D:3      | Paralysed by Grinder for 6 turns
  2395 | D:3      | Killed Grinder
  2396 | D:3      | Reached skill level 5 in Fighting
  2396 | D:3      | Reached skill level 5 in Armour
  2396 | D:3      | Reached skill level 5 in Shields
  2396 | D:3      | Reached XP level 7. HP: 20/44 MP: 7/7
  3125 | D:5      | Entered Level 5 of the Dungeon
  3125 | D:5      | Noticed Menkaure
  3157 | D:5      | Killed Menkaure
  3159 | D:5      | Reached XP level 8. HP: 17/50 MP: 8/8
  3679 | D:5      | Noticed Pikel
  3687 | D:5      | Killed Pikel
  3688 | D:5      | Reached skill level 5 in Maces & Flails
  3712 | D:5      | Reached XP level 9. HP: 56/56 MP: 9/9
  4113 | D:5      | Noticed Edmund
  4121 | D:5      | Killed Edmund
  4842 | D:6      | HP: 1/85 [gnoll/+0 halberd (3)]
  4846 | D:6      | Slain by a gnoll

Illustrated notes

Levels and vault maps discovered:
D:1:      sevenhm_arrival_forest_fort_large_2, layout_basic
D:2:      layout_loops_ring, basic_ecumenical_altar, serial_undead,
          serial_undead_a, serial_undead_e, serial_undead_f, serial_undead_e,
          minmay_fractal_squares_gapless_5
D:3:      layout_loops_ring, grunt_temple_overflow_growth_and_decay,
          kennysheep_generic_room_8, uniq_grinder, uniq_sigmund
D:4:      layout_rooms
D:5:      layout_basic, uniq_menkaure, uniq_edmund, uniq_pikel
D:6:      layout_basic, gammafunk_temple_overflow_elements,
          nicolae_tso_besieged_by_evil

Skill      XL: |  1  2  3  4  5  6  7  8  9 |
---------------+----------------------------+-----
Fighting       | 4 5 6 7 |  7.1
Armour         | 4 5 6 7 |  7.1
Shields        | 4 5 6 7 |  7.1
Maces & Flails | 3 4 5 6 |  6.1
Dodging        | 1 2 3 |  3.0

Action                   |  1- 3 |  4- 6 |  7- 9 || total
-------------------------+-------+-------+-------++-------
Melee: Flail             |   121 |    61 |   115 ||   297
  Use: Scroll            |     5 |     1 |     7 ||    13
       Potion            |       |       |     4 ||     4
Armor: Scale mail        |    67 |    24 |       ||    91
       Chain mail        |       |    10 |    51 ||    61
       Ring mail         |       |       |    23 ||    23
       Skin              |       |       |    16 ||    16
Dodge: Dodged            |    56 |    33 |    55 ||   144
Block: Buckler           |    27 |    19 |    48 ||    94

Table legend: (Time is in decaauts)
 A = Elapsed time spent in this place.
 B = Non-inter-level travel time spent in this place.
 C = Inter-level travel time spent in this place.
 D = Time resting spent in this place.
 E = Time spent auto-exploring this place.
 F = Levels seen in this place.
 G = Mean time per level.
                   A        B        C        D        E       F      G
               +--------+--------+--------+--------+--------+-----+--------+
         Total |   4921 |   4784 |    137 |    653 |   3305 |   6 |  820.2 |
       Dungeon |   4921 |   4784 |    137 |    653 |   3305 |   6 |  820.2 |
               +--------+--------+--------+--------+--------+-----+--------+

Top non-repeatable levels by time:
     D:5: 1571 daAuts
     D:1: 1059 daAuts
     D:3: 985 daAuts
     D:2: 808 daAuts
     D:4: 333 daAuts
     D:6: 163 daAuts
